 Dungeon Crawl Stone Soup version 0.30.0 (webtiles) character file.

Game seed: 18125562788517610100

924 PiratePeteNZ the Cleaver (level 8, -5/70 HPs)
             Began as a Hill Orc Fighter on May 20, 2023.
             Was a Follower of Beogh.
             Slain by Edmund
             ... wielding a +7 flail of protection
              (11 damage)
             ... on level 6 of the Dungeon.
             The game lasted 00:15:43 (3298 turns).

PiratePeteNZ the Cleaver (Hill Orc Fighter)         Turns: 3298, Time: 00:15:44

Health: -5/70      AC: 11    Str: 21    XL:     8   Next: 10%
Magic:  8/8        EV: 10    Int:  8    God:    Beogh [*.....]
Gold:   199        SH:  4    Dex: 10    Spells: 7/7 levels left

rFire   . . .        a - +0 war axe
rCold   . . .        c - +0 buckler
rNeg    . . .        b - +0 scale mail
rPois   .            d - +0 helmet
rElec   .            B - +1 cloak {Will+}
rCorr   .            (no gloves)
SInv    .            (no boots)
Will    +++..        p - amulet of regeneration Stlth
                     l - ring of willpower
HPRegen 1.11/turn    u - ring of willpower
MPRegen 0.11/turn

%: no passive effects
@: no status effects
A: no striking features
a: Renounce Religion


You were on level 6 of the Dungeon.
You worshipped Beogh.
Beogh was aware of your devotion.
You visited 1 branch of the dungeon, and saw 6 of its levels.

You collected 430 gold pieces.
You spent 231 gold pieces at shops.

Inventory:

Hand Weapons
 a - a +0 war axe (weapon)
Missiles
 y - 3 curare-tipped darts
 D - 5 poisoned darts
Armour
 b - a +0 scale mail (worn)
 c - a +0 buckler (worn)
 d - a +0 helmet (worn)
 B - a +1 cloak of willpower (worn)
Jewellery
 l - a ring of willpower (left hand)
 p - an amulet of regeneration (around neck)
 u - a ring of willpower (right hand)
 v - a ring of willpower
 w - an amulet of reflection
Wands
 s - a wand of roots (6) (quivered)
Scrolls
 e - 3 scrolls of amnesia {unknown}
 f - 5 scrolls of teleportation {unknown}
 g - a scroll of immolation {unknown}
 h - a scroll of vulnerability {unknown}
 i - 3 scrolls of identify {unknown}
 r - a scroll of summoning {unknown}
 t - a scroll of fear {unknown}
 x - a scroll of acquirement {unknown}
 z - a scroll of poison {unknown}
Potions
 j - a potion of mutation {unknown}
 k - 3 potions of magic
 m - a potion of degeneration {unknown}
 n - a potion of haste {unknown}
 o - a potion of heal wounds
 A - a potion of lignification {unknown}
 C - a potion of resistance {unknown}


   Skills:
 + Level 5.7 Fighting
 + Level 8.1 Axes
 + Level 5.9 Armour
 + Level 1.4 Dodging
 + Level 0.6 Stealth
 + Level 4.2 Shields
 + Level 0.1 Evocations


You had 7 spell levels left.
You didn't know any spells.
Your spell library contained the following spells:

 Spells                   Type           Power      Damage    Failure   Level
 Sublimation of Blood     Necr           0%         N/A       90%         2
 Petrify                  Tmut/Erth      0%         N/A       100%        4
 Irradiate                Conj/Tmut      0%         3d11      100%        5


Dungeon Overview and Level Annotations

Branches:
Dungeon (6/15)             Temple (0/1) D:5

Altars:
Makhleb
Okawaru
Vehumet

Shops:
D:1 [

Annotations:
D:6 Edmund


Message History

You slash Edmund!
Edmund is severely wounded.
You slash the centaur! The centaur hits you. You block the centaur's attack.
Edmund hits you but does no damage.
You hit Edmund.
Edmund is severely wounded.
You slash the centaur!
You kill the centaur!
Beogh accepts your kill.
Edmund hits you with a +7 flail of protection!
Your Axes skill increases to level 8!
You hit Edmund but do no damage.
Edmund is severely wounded.
Edmund hits you with a +7 flail of protection!
You hit Edmund but do no damage.
Edmund is severely wounded.
Edmund hits you but does no damage.
You barely miss Edmund.
Edmund is severely wounded.
Edmund hits you with a +7 flail of protection!
* * * LOW HITPOINT WARNING * * *
You hit Edmund.
Edmund is almost dead.
Edmund hits you with a +7 flail of protection!
* * * LOW HITPOINT WARNING * * *
You hit Edmund but do no damage.
Edmund is almost dead.
Edmund hits you with a +7 flail of protection.
* * * LOW HITPOINT WARNING * * *
You closely miss Edmund.
Edmund is almost dead.
Edmund misses you.
You barely miss Edmund.
Edmund is almost dead.
Edmund closely misses you.
You barely miss Edmund.
Edmund is almost dead.
Edmund closely misses you.
Edmund hits you with a +7 flail of protection!
You die...

.. .># #.####.#
#####.......
#..§.....#.###
#........+...#
#......§§#.#.####
#..§.§§§§.......#
#...§§@§§#.#.##.#
#§§..†@§§#.#.##.#
#......§§#.#.##.#
#.....§..#...##<#
#........#.######
.............
..........#.#
(.........#.#
..........# #


You could see Edmund.

Vanquished Creatures
  Prince Ribbit (D:5)
  A black bear (D:5)
  A centaur (D:6)
  A phantom (D:5)
  A kobold brigand (D:5)
  2 scorpions (D:5)
  A howler monkey (D:5)
  An orc priest (D:5)
  A hound (D:5)
  3 iguanas
  Robin (D:2)
  2 adders
  A white imp (D:5)
  2 worms (D:2)
  11 orcs
  11 endoplasms
  4 giant cockroaches
  10 goblins
  12 hobgoblins
  2 jackals (D:2)
  5 quokkas
  3 ball pythons
  5 bats
  8 frilled lizards
  8 kobolds
  2 rats (D:2)
100 creatures vanquished.

Vanquished Creatures (others)
  An orc (D:4)
  2 fungi (D:1)
  7 plants
10 creatures vanquished.

Grand Total: 110 creatures vanquished

Notes
Turn   | Place    | Note
-------+----------+-------------------------------------------
     0 | D:1      | PiratePeteNZ the Hill Orc Fighter began the quest for the
                  | Orb.
     0 | D:1      | Reached XP level 1. HP: 19/19 MP: 1/1
   147 | D:1      | Reached XP level 2. HP: 21/27 MP: 2/2
   171 | D:1      | Reached skill level 3 in Axes
   192 | D:1      | Found Jigiwu's Armour Emporium.
   201 | D:1      | Found a faded altar of an unknown god.
   644 | D:2      | Noticed Robin
   660 | D:2      | Reached XP level 3. HP: 7/33 MP: 3/3
   665 | D:2      | Killed Robin
   949 | D:2      | Reached XP level 4. HP: 40/40 MP: 4/4
   956 | D:2      | You fall into a shaft and drop 2 floors!
  1001 | D:4      | Found a radiant altar of Vehumet.
  1006 | D:4      | Reached skill level 4 in Axes
  1067 | D:4      | Became a worshipper of Beogh the Brigand
  1476 | D:4      | Found a burning altar of Makhleb.
  1610 | D:5      | Entered Level 5 of the Dungeon
  1621 | D:5      | Reached skill level 5 in Axes
  1621 | D:5      | Reached XP level 5. HP: 46/46 MP: 5/5
  1624 | D:5      | Noticed a kobold brigand
  1639 | D:5      | Killed a kobold brigand
  1697 | D:5      | Reached XP level 6. HP: 47/53 MP: 6/6
  1707 | D:5      | Noticed a black bear
  1713 | D:5      | Killed a black bear
  1714 | D:5      | Reached skill level 6 in Axes
  1714 | D:5      | Reached skill level 5 in Armour
  1714 | D:5      | Reached skill level 1 in Dodging
  1881 | D:5      | Reached XP level 7. HP: 60/60 MP: 7/7
  1926 | D:5      | Found an iron altar of Okawaru.
  2005 | D:5      | Reached skill level 5 in Fighting
  2012 | D:5      | Noticed Prince Ribbit
  2019 | D:5      | Reached skill level 7 in Axes
  2027 | D:5      | Killed Prince Ribbit
  2030 | D:5      | Reached * piety under Beogh
  2100 | D:5      | Found a staircase to the Ecumenical Temple.
  2614 | D:3      | Identified the +1 falchion of the Demonic God {drain, rElec
                  | Int+3}
  2850 | D:1      | Bought a +1 cloak of willpower for 231 gold pieces
  3266 | D:6      | Noticed Edmund
  3273 | D:6      | Reached XP level 8. HP: 59/69 MP: 8/8
  3291 | D:6      | Reached skill level 8 in Axes
  3295 | D:6      | HP: 2/70 [Edmund/+7 flail of protection (4)]
  3298 | D:6      | Slain by Edmund

Illustrated notes

Levels and vault maps discovered:
D:1:      giann_wishing_wells, layout_rooms, serial_shops, shop,
          shapermc_ecumenical_altar_mp_ritualfount
D:2:      layout_basic, uniq_robin
D:3:      layout_basic
D:4:      layout_loops_ring, lightli_temple_of_fire,
          mainiacjoe_overflow_surrounded_room, serial_bayou,
          serial_bayou_pond_b, serial_bayou_shore_b, serial_bayou_ford_a,
          serial_park_tiny_1, nicolae_concentric_dashed_squares_wild
D:5:      layout_gridville, amcnicky_altar_gilded,
          minmay_temple_entry_overgrown, uniq_prince_ribbit1
D:6:      layout_basic, zin_treasury, led_xom_imps, uniq_edmund

Skill      XL: |  1  2  3  4  5  6  7  8 |
---------------+-------------------------+-----
Axes           | 3 5 6 7 8 |  8.1
Armour         | 4 5 |  5.9
Fighting       | 4 5 |  5.7
Dodging        | 1 |  1.4
Shields        | 4 |  4.2
Stealth        | |  0.6
Evocations     | |  0.1

Action                     |  1- 3 |  4- 6 |  7- 9 || total
---------------------------+-------+-------+-------++-------
  Melee: War axe           |   113 |    74 |   122 ||   309
 Invoke: Convert to Beogh  |       |     1 |       ||     1
  Evoke: Wand              |       |     1 |       ||     1
    Use: Potion            |     2 |       |     1 ||     3
         Scroll            |       |       |     1 ||     1
 Armour: Scale mail        |    41 |    23 |    64 ||   128
  Dodge: Dodged            |    52 |    34 |    55 ||   141
  Block: Buckler           |    28 |    21 |    25 ||    74
